 Dungeon Crawl Stone Soup version 0.27-a0-1347-gd8886f0a89 (webtiles) character file.

Game seed: 14473607674744587205

5356 Lanoc the Frost Mage (level 10, -5/69 HPs)
             Began as a Pale Draconian Ice Elementalist on June 27, 2021.
             Was a High Priest of Zin.
             Slain by a two-headed ogre (22 damage)
             ... on level 9 of the Dungeon.
             The game lasted 00:12:06 (7583 turns).

Lanoc the Frost Mage (DrIE)                         Turns: 7583, Time: 00:12:06

Health: -5/69      AC:  9    Str: 10    XL:     10   Next: 39%
Magic:  10/13      EV: 15    Int: 20    God:    Zin [*****.]
Gold:   443        SH:  0    Dex: 11    Spells: 9/13 levels left

rFire    + . .     SeeInvis .   m - +3 scythe (venom)
rCold    + + .     Faith    .   (shield currently unavailable)
rNeg     . . .     Spirit   .   (armour unavailable)
rPois    .         Reflect  .   (helmet restricted)
rElec    .         Harm     .   (no cloak)
rCorr    .         Rampage  .   (no gloves)
Will     .....                  x - +1 pair of boots "Ruoppo" {rC+}
Stlth    ++........             e - amulet of regeneration
HPRegen  1.21/turn              c - ring of protection from cold
MPRegen  0.13/turn              t - ring of protection from fire

@: short of breath, freezing walls
A: breathe steam, AC +7, unfitting armour, cold-blooded, steam resistance
a: Breathe Steam, Renounce Religion, Recite, Vitalisation, Imprison, Sanctuary,
Donate Gold


You were on level 9 of the Dungeon.
You worshipped Zin.
Zin was extremely pleased with you.
You visited 2 branches of the dungeon, and saw 10 of its levels.

You collected 492 gold pieces.
You donated 49 gold pieces to Zin.

Inventory:

Hand Weapons
 m - a +3 scythe of venom (weapon)
Missiles
 E - a curare-tipped dart
Armour
 d - a +0 buckler
 x - the +1 pair of boots "Ruoppo" (worn) {rC+}
   (You found it on level 6 of the Dungeon)

   rC:        It protects you from cold.
Jewellery
 c - a ring of protection from cold (left hand)
 e - an amulet of regeneration (around neck)
 t - a ring of protection from fire (right hand)
 D - the ring "Umyneqi" {Wiz *Corrode rN++ Int+5}
   (You found it on level 7 of the Dungeon)

   [ring of wizardry]

   It improves your spell success rate.Int: It affects your intelligence (+5).
   rN:        It greatly protects you from negative energy.
   *Corrode:  It may corrode you when you take damage.
Wands
 k - a wand of flame (6)
Scrolls
 a - 2 scrolls of fog {unknown}
 b - a scroll of amnesia
 g - 3 scrolls of magic mapping {unknown}
 h - a scroll of immolation {unknown}
 i - a scroll of enchant armour {unknown}
 j - 2 scrolls of silence
 n - 5 scrolls of noise {unknown}
 q - 2 scrolls of acquirement {unknown}
 s - 6 scrolls of teleportation
 y - 2 scrolls of enchant weapon
 B - 4 scrolls of identify
Potions
 f - 3 potions of curing
 l - a potion of mutation {unknown}
 o - 2 potions of might {unknown}
 p - a potion of flight {unknown}
 r - 2 potions of magic {unknown}
 u - a potion of invisibility {unknown}
 v - a potion of berserk rage
 w - 3 potions of heal wounds
 z - 4 potions of brilliance
 A - a potion of ambrosia {unknown}
 C - a potion of haste {unknown}


   Skills:
 + Level 8.3 Dodging
 - Level 1.7 Stealth
 - Level 2.2 Shields
 - Level 2.0 Spellcasting
 * Level 12.8 Ice Magic


You had 9 spell levels left.
You knew the following spells:

 Your Spells              Type           Power      Damage    Failure   Level
a - Freeze                Ice            100%       1d11      1%          1
b - Frozen Ramparts       Ice            100%       1d12      1%          3

Your spell library contained the following spells:

 Spells                   Type           Power      Damage    Failure   Level
 Ozocubu's Armour         Ice            52%        N/A       1%          3
 Hailstorm                Conj/Ice       27%        3d7       12%         4
 Corona                   Hex            2%         N/A       16%         1
 Magic Dart               Conj           8%         1d3       16%         1
 Searing Ray              Conj           4%         3d3       24%         2
 Slow                     Hex            2%         N/A       24%         2
 Metabolic Englaciation   Hex/Ice        13%        N/A       32%         5
 Dazzling Flash           Conj/Hex       4%         N/A       43%         3
 Inner Flame              Hex/Fire       2%         N/A       43%         3
 Portal Projectile        Hex/Tloc       4%         N/A       43%         3
 Cause Fear               Hex            1%         N/A       83%         4
 Fulminant Prism          Conj/Hex       1%         3d6       83%         4
 Iskenderun's Mystic Bla  Conj/Tloc      2%         2d3       83%         4
 Leda's Liquefaction      Hex/Erth       1%         N/A       83%         4


Dungeon Overview and Level Annotations

Branches:
Dungeon (9/15)             Temple (1/1) D:6
   Lair: D:8-11         Orc: D:9-12

Altars:
Dithmenos
Fedhas
Gozag
Sif Muna
Vehumet
Wu Jian
Zin

Shops:
D:2 [

Annotations:
D:3 Grinder


Innate Abilities, Weirdness & Mutations

You can breathe blasts of scalding, opaque steam.
Your pale cyan-grey scales are hard. (AC +7)
You cannot fit into any form of body armour.
You are cold-blooded and may be slowed by cold attacks.
You are immune to the effects of steam.


Message History

You pay a tithe of 1 gold.
You now have 433 gold pieces (gained 9).
You pay a tithe of 1 gold.
You now have 443 gold pieces (gained 10).
Done exploring.
Done exploring.
There is a stone staircase leading down here.
You climb downwards.
A two-headed ogre comes into view. It is wielding two +0 giant clubs.
The two-headed ogre shouts in stereo!
There is a stone staircase leading up here.
A two-headed ogre is nearby!
Press: ? - help, Shift-Dir - straight line, f - two-headed ogre
Aim: a two-headed ogre, wielding two +0 giant clubs You exhale a blast of scalding steam.
The ball of steam hits the two-headed ogre!
The two-headed ogre is lightly wounded.
The two-headed ogre is engulfed in a cloud of scalding steam.
Casting: Frozen Ramparts (safe; 1% risk of failure)
Confirm with . or Enter, or press ? or * to list all spells.
Casting: Frozen Ramparts (safe; 1% risk of failure)
Press: ? - help, Dir - look around, f - activate A stone staircase leading up.
The walls around you are covered in ice.
The wall freezes the two-headed ogre.
The two-headed ogre hits you with a +0 giant club! x2
You hit the two-headed ogre but do no damage.
The two-headed ogre is moderately wounded.
The two-headed ogre is engulfed in a cloud of scalding steam.
The wall freezes the two-headed ogre.
The two-headed ogre barely misses you.
The two-headed ogre hits you with a +0 giant club.
You slash the two-headed ogre!
The two-headed ogre looks as sick as possible!
The two-headed ogre is heavily wounded.
The wall freezes the two-headed ogre.
The two-headed ogre hits you with a +0 giant club! x2
* * * LOW HITPOINT WARNING * * *
The wall freezes the two-headed ogre.
The two-headed ogre closely misses you.
The two-headed ogre hits you with a +0 giant club!!
You die...

....#
####....
.......
.....
....
#..#
#..#
#@.#
#O.#
#..#
....
.....
#..####
#..#
#..#


You could see a two-headed ogre (extremely poisoned).

Vanquished Creatures
  A two-headed ogre (D:7)
  Maggie (D:7)
  Sigmund (D:3)
  2 wyverns (D:8)
  Menkaure (D:6)
  3 water moccasins (D:7)
  2 orc warriors
  2 ice beasts (D:6)
  3 sky beasts (D:7)
  2 necrophages
  A black bear (D:4)
  3 ogres
  5 centaurs
  A kobold brigand (D:8)
  2 bullfrogs
  A scorpion (D:5)
  A wyvern zombie (D:7)
  A wyvern skeleton (D:7)
  A water moccasin skeleton (D:7)
  3 killer bees (D:7)
  8 wights
  6 howler monkeys
  A bullfrog zombie (D:5)
  3 hounds
  2 jellies
  A bullfrog skeleton (D:7)
  2 centaur zombies (D:7)
  Crazy Yiuf (D:3)
  An orc priest (D:8)
  A gnoll shaman (D:7)
  5 iguanas
  Terence (D:2)
  3 orc wizards (D:7)
  A hound zombie (D:5)
  2 howler monkey zombies
  3 gnolls (D:4)
  14 adders
  2 shadow imps
  2 white imps (D:6)
  3 dart slugs
  20 orcs
  6 ball pythons
  7 endoplasms
  4 giant cockroaches
  4 goblins (D:1)
  6 hobgoblins
  4 jackals (D:1)
  8 kobolds
  3 quokkas
  4 bats
  A frilled lizard (D:1)
  A rat (D:1)
167 creatures vanquished.

Vanquished Creatures (others)
  3 plants (D:4)
3 creatures vanquished.

Grand Total: 170 creatures vanquished

Notes
Turn   | Place    | Note
-------+----------+-------------------------------------------
     0 | D:1      | Lanoc the Draconian Ice Elementalist began the quest for
                  | the Orb.
     0 | D:1      | Reached XP level 1. HP: 14/14 MP: 3/3
   528 | D:1      | Reached XP level 2. HP: 8/20 MP: 1/5
  1377 | D:1      | Found a faded altar of an unknown god.
  1614 | D:1      | Became a worshipper of Zin the Law-Giver
  1614 | D:1      | Reached * piety under Zin
  1658 | D:2      | Reached XP level 3. HP: 25/26 MP: 3/6
  1730 | D:2      | Found Cikekkop's Armour Shoppe.
  1735 | D:2      | Learned a level 3 spell: Frozen Ramparts
  2117 | D:2      | Noticed Terence
  2121 | D:2      | Killed Terence
  2122 | D:2      | Reached skill level 1 in Shields
  2122 | D:2      | Reached skill level 5 in Ice Magic
  2122 | D:2      | Reached XP level 4. HP: 25/33 MP: 1/7
  2790 | D:3      | Found a blossoming altar of Fedhas.
  2860 | D:3      | Reached ** piety under Zin
  2915 | D:3      | Found a runed translucent door.
  2916 | D:3      | Noticed Crazy Yiuf
  3054 | D:3      | Noticed Grinder
  3081 | D:3      | Paralysed by Grinder for 2 turns
  3186 | D:3      | Noticed Sigmund
  3196 | D:3      | Killed Sigmund
  3197 | D:3      | Reached skill level 6 in Ice Magic
  3197 | D:3      | Reached XP level 5. HP: 9/38 MP: 4/8
  3197 | D:3      | Found a glowing silver altar of Zin.
  3199 | D:3      | Found a radiant altar of Vehumet.
  3200 | D:3      | Found an opulent altar of Gozag.
  3200 | D:3      | Found an ornate altar of the Wu Jian Council.
  3322 | D:3      | Reached XP level 6. HP: 29/45 MP: 5/9
  3832 | D:3      | Killed Crazy Yiuf
  3922 | D:4      | Reached *** piety under Zin
  4158 | D:4      | Reached skill level 7 in Ice Magic
  4158 | D:4      | Your scales start taking on a pale cyan-grey colour.
  4158 | D:4      | Reached XP level 7. HP: 50/50 MP: 4/10
  4158 | D:4      | Gained mutation: You are immune to the effects of steam.
                  | [Pale Draconian growth]
  4696 | D:5      | Entered Level 5 of the Dungeon
  4715 | D:5      | Reached **** piety under Zin
  4778 | D:5      | Reached skill level 8 in Ice Magic
  4871 | D:5      | Reached XP level 8. HP: 55/57 MP: 11/11
  4871 | D:5      | Identified the +10 plate armour of Negation {rElec}
  4932 | D:5      | Reached skill level 5 in Dodging
  5144 | D:6      | Noticed Menkaure
  5149 | D:6      | Killed Menkaure
  5150 | D:6      | Reached skill level 9 in Ice Magic
  5311 | D:6      | Identified the +1 pair of boots "Ruoppo" {rC+}
  5412 | D:6      | Found a staircase to the Ecumenical Temple.
  5418 | Temple   | Entered the Ecumenical Temple
  5477 | D:6      | Reached skill level 10 in Ice Magic
  5948 | D:7      | Reached XP level 9. HP: 54/62 MP: 8/12
  6240 | D:7      | Reached skill level 11 in Ice Magic
  6390 | D:7      | Noticed Maggie
  6401 | D:7      | Killed Maggie
  6558 | D:7      | Found a shimmering blue altar of Sif Muna.
  6558 | D:7      | Found a shadowy altar of Dithmenos.
  6623 | D:7      | Reached ***** piety under Zin
  6818 | D:7      | Noticed a two-headed ogre
  6826 | D:7      | Killed a two-headed ogre
  6827 | D:7      | Reached skill level 12 in Ice Magic
  6827 | D:7      | Reached XP level 10. HP: 44/69 MP: 13/13
  6913 | D:7      | Identified the ring "Umyneqi" {Wiz *Corrode rN++ Int+5}
  7579 | D:9      | Noticed a two-headed ogre
  7583 | D:9      | Slain by a two-headed ogre

Illustrated notes

Levels and vault maps discovered:
D:1:      mrwooster_arrival_arrow, layout_basic,
          shapermc_ecumenical_altar_mp_urbaneastern, minmay_statues_item
D:2:      layout_loops_corners, serial_shops, shop, uniq_terence
D:3:      minmay_spotlight, layout_loops_cross, lemuel_crystal_altar,
          grunt_temple_overflow_open, uniq_sigmund, uniq_crazy_yiuf_cottage,
          uniq_grinder
D:4:      layout_loops_ring, serial_bayou_crossing
D:5:      layout_cave_pools
D:6:      layout_loops_cross, temple_green, uniq_menkaure
D:7:      layout_loops_corners, gammafunk_temple_overflow_pools,
          minmay_joined_circles, uniq_maggie
D:8:      layout_rooms
D:9:      layout_small_grid, kennysheep_small_square, uniq_psyche
Temple:   regret_index_temple_generic_petals

Skill      XL: |  1  2  3  4  5  6  7  8  9 10 |
---------------+-------------------------------+-----
Dodging        | 2 3 4 6 7 8 |  8.3
Shields        | 1 2 |  2.2
Ice Magic      | 5 6 7 8 10 12 | 12.8
Stealth        | |  1.7
Spellcasting   | |  2.0

Action                   |  1- 3 |  4- 6 |  7- 9 | 10-12 || total
-------------------------+-------+-------+-------+-------++-------
Melee: Unarmed           |    16 |     5 |       |       ||    21
       Short sword       |     6 |       |       |       ||     6
       Tailslap          |       |     3 |     9 |     5 ||    17
       Scythe            |       |    39 |   121 |    53 ||   213
 Cast: Freeze            |    45 |    19 |       |       ||    64
       Frozen Ramparts   |     1 |    16 |    10 |     6 ||    33
 Abil: Breathe Steam     |       |       |    38 |     9 ||    47
  Use: Scroll            |       |     4 |     4 |       ||     8
       Potion            |       |     3 |       |       ||     3
Armor: Skin              |    17 |    21 |    65 |    28 ||   131
Dodge: Dodged            |    41 |    57 |   178 |    59 ||   335
Block: Buckler           |     2 |     3 |       |       ||     5

Table legend: (Time is in decaauts)
 A = Elapsed time spent in this place.
 B = Non-inter-level travel time spent in this place.
 C = Inter-level travel time spent in this place.
 D = Time resting spent in this place.
 E = Time spent auto-exploring this place.
 F = Levels seen in this place.
 G = Mean time per level.
                   A        B        C        D        E       F      G
               +--------+--------+--------+--------+--------+-----+--------+
         Total |   7798 |   7462 |    336 |      0 |   6262 |  10 |  779.8 |
       Dungeon |   7796 |   7460 |    336 |      0 |   6262 |   9 |  866.2 |
        Temple |      1 |      1 |      0 |      0 |      0 |   1 |    1.0 |
               +--------+--------+--------+--------+--------+-----+--------+

Top non-repeatable levels by time:
     D:1: 1647 daAuts
     D:7: 1200 daAuts
     D:2: 1166 daAuts
     D:3: 1100 daAuts
     D:4: 833 daAuts
     D:6: 776 daAuts
     D:8: 591 daAuts
     D:5: 474 daAuts
     D:9: 4 daAuts
  Temple: 1 daAuts
